 Dungeon Crawl Stone Soup version 0.31-a0-180-g519b7de00c (webtiles) character file.

Game seed: 3611083735052542534

87255 AvylaarBelgium the Eclecticist (level 15, -2/82 HPs)
             Began as a Deep Elf Conjurer on June 20, 2023.
             Was the Champion of Vehumet.
             Slain by a redback (15 damage)
             ... on level 3 of the Spider Nest.
             The game lasted 02:03:26 (20566 turns).

AvylaarBelgium the Eclecticist (Deep Elf Conjurer) Turns: 20566, Time: 02:03:27

Health: -2/82      AC:  4    Str:  4    XL:     15   Next: 43%
Magic:  2/49       EV: 15    Int: 31    God:    Vehumet [******]
Gold:   1639       SH:  4    Dex: 13    Spells: 2/53 levels left

rFire   + + .        X - +3 eveningstar (holy)
rCold   . . .        a - +0 buckler
rNeg    . . .        D - +1 robe {Will+}
rPois   .            H - +2 hat
rElec   .            w - +1 cloak
rCorr   .            T - +0 pair of gloves
SInv    .            (no boots)
Will    ++...        Q - amulet of the acrobat
Stlth   ++           s - ring of protection from fire
HPRegen 0.33/turn    d - ring of magical power
MPRegen 0.31/turn

%: acrobat
@: lethally poisoned (-2 -> -39), corroded, hasted, very quick
A: fire resistance 1, wild magic 1
a: Renounce Religion


You were on level 3 of the Spider Nest.
You worshipped Vehumet.
Vehumet was exalted by your worship.
You visited 4 branches of the dungeon, and saw 22 of its levels.
You also visited: Bailey.

You collected 1639 gold pieces.

Inventory:

Hand Weapons
 U - the +9 halberd of Cimneup {flame, rElec rF+}
   (You found it on level 2 of the Spider Nest)

   rF:        It protects you from fire.
   rElec:     It insulates you from electricity.
 X - a +3 eveningstar of holy wrath (weapon)
Missiles
 k - 2 throwing nets (quivered)
Armour
 a - a +0 buckler (worn)
 b - the +0 chain mail of Dowdy Joy {Drain rElec Will+ rCorr}
   (You found it on level 1 of the Spider Nest)

   rElec:     It insulates you from electricity.
   rCorr:     It protects you from acid and corrosion.
   Drain:     It drains your maximum health when unequipped.
   Will:      It increases your willpower.
 w - a +1 cloak (worn)
 D - a +1 robe of willpower (worn)
 F - the +1 leather armour of Zupurgh {rPois Dex+3 Stlth+}
   (You found it on level 5 of the Lair of Beasts)

   Dex:       It affects your dexterity (+3).
   rPois:     It protects you from poison.
   Stlth:     It makes you more stealthy.
 H - a +2 hat (worn)
 R - the +8 chain mail of Livvyevu {rF+ rC+}
   (You found it on level 9 of the Dungeon)

   rF:        It protects you from fire.
   rC:        It protects you from cold.
 T - a +0 pair of gloves (worn)
Magical Staves
 x - a staff of earth
Jewellery
 d - a ring of magical power (right hand)
 h - a ring of ice
 s - a ring of protection from fire (left hand)
 Q - an amulet of the acrobat (around neck)
 W - a ring of fire
Wands
 t - a wand of roots (8)
 B - a wand of mindburst (16)
 I - a wand of digging (7)
 K - a wand of paralysis (13)
 O - a wand of flame (44)
Scrolls
 c - 2 scrolls of amnesia
 e - a scroll of blinking
 f - 7 scrolls of enchant armour
 g - 3 scrolls of fog {unknown}
 i - 4 scrolls of teleportation
 j - 3 scrolls of summoning
 m - a scroll of revelation {unknown}
 o - a scroll of immolation
 q - 6 scrolls of enchant weapon
 z - 3 scrolls of torment
 C - 4 scrolls of poison
 M - 2 scrolls of silence
 V - a scroll of brand weapon {unknown}
 Y - 2 scrolls of fear {unknown}
Potions
 l - a potion of curing
 n - a potion of ambrosia
 p - 5 potions of cancellation
 r - a potion of heal wounds
 u - 2 potions of lignification {unknown}
 v - 6 potions of attraction
 A - 5 potions of haste
 E - 3 potions of brilliance
 G - 3 potions of enlightenment
 J - 6 potions of mutation
 L - 4 potions of invisibility {unknown}
 N - 2 potions of resistance
 S - 3 potions of berserk rage {unknown}
Miscellaneous
 y - a phantom mirror
 P - a box of beasts
 Z - a lightning rod (4/4)


   Skills:
 - Level 5.0 Fighting
 + Level 10.5 Dodging
 - Level 2.5 Stealth
 - Level 3.0 Shields
 + Level 19.7 Spellcasting
 - Level 14.3 Conjurations
 - Level 13.0 Summonings
 - Level 2.1 Translocations
 - Level 2.9 Air Magic
 - Level 11.0 Earth Magic
 - Level 5.1 Evocations


You had 2 spell levels left.
You knew the following spells:

 Your Spells              Type           Power      Damage    Failure   Level
a - Olgreb's Toxic Radia  Pois           39%        N/A       9%          4
b - Searing Ray           Conj           100%       2d8       1%          2
c - Dazzling Flash        Conj/Hex       100%       N/A       1%          3
d - Fulminant Prism       Conj/Hex       39%        3d18      1%          4
e - Iskenderun's Mystic   Conj/Tloc      82%        2d16      1%          4
f - Spellforged Servitor  Conj/Summ      49%        N/A       3%          7
g - Lee's Rapid Deconstr  Erth           45%        3d22*     1%          5
h - Mephitic Cloud        Conj/Pois/Air  72%        N/A       1%          3
i - Airstrike             Air            29%        2d(5-21)  3%          4
j - Orb of Destruction    Conj           50%        9d13      2%          7
k - Blink                 Tloc           100%       N/A       2%          2
l - Eringya's Noxious Bo  Tmut/Pois      19%        N/A       67%         6

Your spell library contained the following spells:

 Spells                   Type           Power      Damage    Failure   Level
 Magic Dart               Conj           100%       1d8       1%          1
 Momentum Strike          Conj/Tloc      100%       3d10      1%          2
 Lesser Beckoning         Tloc           100%       N/A       2%          2
 Cigotuvi's Dreadful Rot  Necr/Pois/Air  94%        N/A       4%          2
 Call Canine Familiar     Summ           98%        N/A       1%          3
 Summon Guardian Golem    Hex/Summ       75%        N/A       1%          3
 Volatile Blastmotes      Fire/Tloc      96%        2d18      1%          3
 Flame Wave               Conj/Fire      78%        2d17      1%          4
 Sticky Flame             Conj/Fire      78%        2d9       1%          4
 Inner Flame              Hex/Fire       39%        N/A       3%          3
 Leda's Liquefaction      Hex/Erth       35%        N/A       4%          4
 Portal Projectile        Hex/Tloc       96%        N/A       7%          3
 Alistair's Intoxication  Tmut/Pois      26%        N/A       61%         5
 Summon Horrible Things   Summ           49%        N/A       65%         8
 Malign Gateway           Summ/Tloc      39%        N/A       71%         7


Dungeon Overview and Level Annotations

Branches:
Dungeon (11/15)            Temple (0/1) D:6            Lair (5/5) D:9
  Swamp (0/4) Lair:2       Spider (4/4) Lair:2        Slime (0/5) Lair:5
    Orc (2/2) D:11         Bailey (visited)
    Elf: Orc:2

Altars:
Cheibriados
Elyvilon
Fedhas
Hepliaklqana
Makhleb
Okawaru
Vehumet
Wu Jian
Xom
Yredelemnul
Zin
The Shining One
Jiyva

Shops:
D:1 (   D:8 (   D:10 =

Portals:
Abyss: Lair:1

Annotations:
Lair:1 2 transporters, exclusion: downstairs, Aspara's ghost, journeyman OpEE
Spider:1 exclusion: downstairs
Spider:3 Aizul
Orc:1 exclusion: downstairs


Innate Abilities, Weirdness & Mutations

Your flesh is heat resistant. (rF+)
Your spells are a little harder to cast, but a little more powerful.


Message History

Unknown command.
Casting: Spellforged Servitor (dangerous; 3% risk of failure)
Confirm with . or Enter, or press ? or * to list all spells.
You blink.
A tarantella comes into view.
Found a war axe.
A redback comes into view.
A redback comes into view.
A jumping spider comes into view.
There is a stone staircase leading up here.
The redback bites you.
You climb upwards.
Level annotation: Aizul
Found a stone staircase leading up.
There is a stone staircase leading down here.
Casting: Blink (safe; 2% risk of failure)
Confirm with . or Enter, or press ? or * to list all spells.
You summon a servant imbued with your destructive magic!
The redback barely misses you.
Your spellforged servitor conjures a glowing orb.
The wavering orb of destruction weakly hits the redback!
The redback bites your spellforged servitor but does no damage.
The redback bites your spellforged servitor but does no damage.
The redback bites your spellforged servitor!
The tarantella touches your spellforged servitor.
The redback bites you!
* * * LOW HITPOINT WARNING * * *
You are lethally poisoned!
The redback poisons you!
Your spellforged servitor launches a ball of destructive magic.
The wavering orb of destruction weakly hits the tarantella!!
* * * LOW HITPOINT WARNING * * *
You feel extremely sick.
The tarantella barely misses your spellforged servitor.
You feel much better.
* * * LOW HITPOINT WARNING * * *
You feel very sick.
The tarantella touches your spellforged servitor but does no damage.
The redback bites you!
You die...

######## #^.#...# #....<##
###...... ##.......#
#.......@####
#......Bs.#.###
....s..#.....>.9...^.#
#....s.#......s.......#
##.....B#..............#
#.......^................#
.....s...................#
..........ss..............
#............<............


You could see 2 orb spiders, a pharaoh ant, a tarantella (distracted, ally
target), a redback and a friendly spellforged servitor (summoned).

Vanquished Creatures
  Gastronok (Lair:3)
  A broodmother (Spider:2)
  A spark wasp (Spider:2)
  Harold (D:10)
  An entropy weaver (Spider:2)
  2 centaur warriors (D:9)
  A radroach (Spider:3)
  3 two-headed ogres
  The ghost of Aspara the Fighter, a novice HuCA of Ignis (D:8)
  2 death yaks (Lair:1)
  Nergalle (Lair:3)
  Sonja (D:11)
  4 orb spiders
  2 orc knights
  3 steelbarb worms
  2 wolf spiders
  An ugly thing (D:9)
  An orc sorcerer (Orc:1)
  A cyclops (D:11)
  A black mamba (Lair:1)
  A torpor snail (Spider:2)
  An elephant (Lair:4)
  A komodo dragon (Lair:1)
  A rime drake (Lair:2)
  A komodo dragon (shapeshifter) (D:8)
  3 kobold demonologists
  An unseen horror skeleton (D:8)
  2 polar bears (Lair:5)
  4 trolls
  2 hornets (Lair:5)
  Grinder (D:4)
  8 blink frogs
  A meliai (Spider:2)
  4 tarantellas
  A dream sheep (Lair:4)
  2 jumping spiders (Spider:1)
  A spriggan (Lair:5)
  A culicivora (Spider:1)
  Sigmund (D:2)
  A vampire (D:7)
  14 yaks
  A basilisk (Lair:1)
  2 wraiths
  3 wyverns
  4 steam dragons
  7 vampire mosquitoes
  16 redbacks
  An acid dragon (D:10)
  11 water moccasins
  4 ice beasts (D:8)
  20 orc warriors
  3 sky beasts (D:7)
  3 ogres
  2 boggarts (Lair:5)
  12 wolves
  10 centaurs
  2 phantoms
  4 kobold brigands
  9 bullfrogs
  A gnoll sergeant (D:5)
  3 scorpions
  6 wights
  7 killer bees
  A howler monkey (D:8)
  A spectral centaur (D:8)
  3 electric eels (Lair:2)
  4 jellies
  2 centaur skeletons (D:8)
  11 orc priests
  A gnoll bouda (D:7)
  4 hounds
  3 sleepcaps
  An iguana (D:5)
  10 orc wizards
  5 gnolls (D:5)
  5 adders
  2 white imps (D:7)
  2 ufetubi
  4 worms
  A dart slug (D:1)
  49 orcs
  5 endoplasms
  2 giant cockroaches
  10 goblins
  7 hobgoblins
  12 jackals
  3 quokkas
  5 ball pythons
  A bat (D:3)
  2 frilled lizards
  36 kobolds
  7 rats
  2 fulminant prisms
415 creatures vanquished.

Vanquished Creatures (collateral kills)
  Rupert (Lair:3)
  An emperor scorpion (Spider:1)
  Louise (Spider:2)
  4 entropy weavers
  A hydra (Lair:4)
  A radroach (Spider:2)
  2 boulder beetles
  4 death yaks (Lair:1)
  A demonic crawler (Spider:1)
  A skyshark (Lair:2)
  A sun moth (Spider:2)
  3 pharaoh ants
  A bog body (Lair:2)
  An orb spider (Spider:1)
  8 wolf spiders
  2 moths of wrath (Spider:1)
  8 elephants (Lair:4)
  A torpor snail (Spider:1)
  A black mamba (Lair:5)
  An eye of devastation (Lair:5)
  7 cane toads
  15 komodo dragons
  3 polar bears (Lair:5)
  2 meliai (Spider:2)
  A hornet (Lair:5)
  A nameless horror (Spider:1)
  12 tarantellas
  6 blink frogs
  A dream sheep (Lair:5)
  17 jumping spiders
  7 culicivoras
  12 spriggans
  22 yaks
  3 wyverns (Lair:5)
  3 basilisks
  17 redbacks
  8 water moccasins
  A floating eye (Lair:5)
  3 black bears (Lair:5)
  3 boggarts (Lair:5)
  18 wolves
  6 bullfrogs
  An electric eel (Lair:2)
213 creatures vanquished.

Vanquished Creatures (others)
  A hydra (Lair:5)
  A basilisk (Lair:3)
  2 wolves
  118 fulminant prisms
122 creatures vanquished.

Grand Total: 750 creatures vanquished

Notes
Turn   | Place    | Note
-------+----------+-------------------------------------------
     0 | D:1      | AvylaarBelgium the Deep Elf Conjurer began the quest for
                  | the Orb.
     0 | D:1      | Reached XP level 1. HP: 10/10 MP: 6/6
   139 | D:1      | Reached XP level 2. HP: 15/15 MP: 0/8
   194 | D:1      | Found Utufe's Weapon Shoppe.
   977 | D:2      | Found a radiant altar of Vehumet.
   987 | D:2      | Became a worshipper of Vehumet
  1112 | D:2      | Found a faded altar of an unknown god.
  1129 | D:2      | Reached skill level 4 in Spellcasting
  1135 | D:2      | Reached XP level 3. HP: 19/19 MP: 6/10
  1136 | D:2      | Noticed Sigmund
  1164 | D:2      | Killed Sigmund
  1165 | D:2      | Reached skill level 5 in Spellcasting
  1165 | D:2      | Reached XP level 4. HP: 24/24 MP: 0/13
  1165 | D:2      | Reached XP level 5. HP: 28/28 MP: 0/15
  1608 | D:3      | Found a snail-covered altar of Cheibriados.
  1617 | D:3      | Learned a level 2 spell: Searing Ray
  1621 | D:3      | Learned a level 3 spell: Dazzling Flash
  1626 | D:3      | Learned a level 4 spell: Fulminant Prism
  1631 | D:3      | Learned a level 4 spell: Iskenderun's Mystic Blast
  1677 | D:3      | Found a burning altar of Makhleb.
  1704 | D:3      | Reached skill level 6 in Spellcasting
  1796 | D:3      | Reached * piety under Vehumet
  1796 | D:3      | Offered knowledge of Sandblast by Vehumet.
  1797 | D:3      | Reached XP level 6. HP: 32/32 MP: 7/17
  2413 | D:4      | Noticed Grinder
  2479 | D:4      | Reached skill level 7 in Spellcasting
  2555 | D:4      | Killed Grinder
  2556 | D:4      | Reached XP level 7. HP: 16/36 MP: 2/20
  2799 | D:4      | Reached skill level 8 in Spellcasting
  2975 | D:4      | Reached ** piety under Vehumet
  2983 | D:4      | Offered knowledge of Poisonous Vapours by Vehumet.
  3102 | D:4      | Learned a level 4 spell: Flame Wave
  3630 | D:5      | Entered Level 5 of the Dungeon
  3843 | D:5      | Found a shimmering altar of Xom.
  3844 | D:5      | Found a shimmering altar of Xom.
  3844 | D:5      | Found a shimmering altar of Xom.
  3846 | D:5      | Found a shimmering altar of Xom.
  3953 | D:5      | Reached skill level 9 in Spellcasting
  3953 | D:5      | Reached XP level 8. HP: 41/41 MP: 14/23
  4156 | D:5      | Learned a level 5 spell: Lee's Rapid Deconstruction
  4617 | D:6      | Reached skill level 10 in Spellcasting
  4642 | D:6      | Found a staircase to the Ecumenical Temple.
  4804 | D:6      | Offered knowledge of Stone Arrow by Vehumet.
  4805 | D:6      | Reached skill level 1 in Earth Magic
  4991 | D:6      | Reached XP level 9. HP: 45/45 MP: 22/25
  5082 | D:7      | Reached *** piety under Vehumet
  5121 | D:7      | Reached skill level 11 in Spellcasting
  5259 | D:7      | Found a radiant altar of Vehumet.
  5303 | D:7      | Offered knowledge of Mephitic Cloud by Vehumet.
  5317 | D:7      | Reached skill level 10 in Conjurations
  5781 | D:7      | Reached skill level 5 in Earth Magic
  5871 | D:7      | Learned a level 3 spell: Mephitic Cloud
  5895 | D:7      | Reached skill level 12 in Spellcasting
  6001 | D:7      | Reached **** piety under Vehumet
  6287 | D:8      | Found a basalt altar of Yredelemnul.
  6290 | D:8      | Noticed a profane servitor
  6299 | D:8      | Found a glowing golden altar of the Shining One.
  6341 | D:8      | Reached XP level 10. HP: 44/50 MP: 4/28
  6373 | D:8      | Killed a two-headed ogre
  6417 | D:7      | Offered knowledge of Airstrike by Vehumet.
  6424 | D:7      | Learned a level 4 spell: Airstrike
  6729 | D:8      | Reached skill level 13 in Spellcasting
  6735 | D:8      | Found a white marble altar of Elyvilon.
  6780 | D:8      | Found Mamoes's Weapon Shop.
  7375 | D:8      | Found a blossoming altar of Fedhas.
  7418 | D:8      | Found a hazy altar of Hepliaklqana.
  7462 | D:8      | Reached ***** piety under Vehumet
  7462 | D:8      | Offered knowledge of Starburst by Vehumet.
  7686 | D:8      | Found a runed translucent gate.
  7686 | D:8      | Found a runed translucent gate.
  7689 | D:8      | Found a runed translucent gate.
  7691 | D:8      | Noticed Aspara's ghost (novice HuCA)
  7697 | D:8      | Reached skill level 14 in Spellcasting
  7704 | D:8      | Killed Aspara's ghost
  7705 | D:8      | Reached XP level 11. HP: 41/54 MP: 7/31
  7915 | D:8      | Noticed an angel
  8161 | D:9      | Found a staircase to the Lair.
  8293 | D:9      | Noticed a green ugly thing
  8299 | D:9      | Noticed a centaur warrior
  8304 | D:9      | Noticed a centaur warrior
  8310 | D:9      | Killed a green ugly thing
  8421 | D:9      | Killed a centaur warrior
  8422 | D:9      | Killed a centaur warrior
  8438 | D:9      | Identified the +8 chain mail of Livvyevu {rF+ rC+}
  8611 | D:9      | Found an iron altar of Okawaru.
  8846 | D:9      | Reached skill level 15 in Spellcasting
  8854 | D:9      | Learned a level 7 spell: Orb of Destruction
  8983 | Lair:1   | Entered Level 1 of the Lair of Beasts
  8990 | Lair:1   | Noticed a spriggan rider
  9003 | Lair:1   | Noticed a purple ugly thing
  9028 | Lair:1   | Found a transporter.
  9032 | Lair:1   | Found a transporter.
  9038 | Lair:1   | Found a one-way gate to the infinite horrors of the Abyss.
  9038 | Lair:1   | Noticed Aspara's ghost (journeyman OpEE)
  9044 | Lair:1   | Noticed a great orb of eyes
  9056 | Lair:1   | Noticed a boulder beetle
  9083 | Lair:1   | Reached skill level 1 in Air Magic
  9301 | Lair:1   | Noticed a death yak
  9304 | Lair:1   | Noticed a death yak
  9304 | Lair:1   | Noticed a death yak
  9312 | Lair:1   | Noticed a death yak
  9312 | Lair:1   | Noticed a death yak
  9314 | Lair:1   | Noticed a death yak
  9509 | Lair:1   | Killed a death yak
  9510 | Lair:1   | Reached skill level 10 in Earth Magic
  9580 | D:10     | Entered Level 10 of the Dungeon
  9596 | D:10     | Found a flagged portal.
  9715 | Bailey   | Entered a bailey
 10241 | D:10     | Reached skill level 1 in Fighting
 10241 | D:10     | Reached XP level 12. HP: 60/60 MP: 26/33
 10287 | D:10     | Noticed Harold
 10337 | D:10     | Killed Harold
 10338 | D:10     | Offered knowledge of Olgreb's Toxic Radiance by Vehumet.
 10525 | D:10     | Found Kamput's Jewellery Shoppe.
 10627 | D:10     | Found an ornate altar of the Wu Jian Council.
 10902 | D:11     | Reached skill level 16 in Spellcasting
 10946 | D:11     | Learned a level 7 spell: Spellforged Servitor
 10960 | D:11     | Found a staircase to the Orcish Mines.
 10960 | D:11     | Noticed Sonja
 10963 | D:11     | Killed Sonja
 10968 | D:11     | Noticed a two-headed ogre
 10972 | D:11     | Killed a two-headed ogre
 11033 | D:11     | Noticed a two-headed ogre
 11035 | D:11     | Killed a two-headed ogre
 11078 | D:11     | Reached skill level 5 in Summonings
 11309 | D:11     | Learned a level 4 spell: Olgreb's Toxic Radiance
 11443 | Orc:1    | Entered Level 1 of the Orcish Mines
 11723 | Orc:2    | Entered Level 2 of the Orcish Mines
 12194 | Lair:1   | Killed a death yak
 12198 | Lair:1   | Killed a death yak
 12199 | Lair:1   | Killed a death yak
 12204 | Lair:1   | Killed a death yak
 12207 | Lair:1   | Killed a death yak
 12453 | Lair:1   | Killed a boulder beetle
 12802 | Lair:2   | Reached skill level 10 in Summonings
 12806 | Lair:2   | Reached XP level 13. HP: 68/68 MP: 14/35
 12969 | Lair:2   | Found a hole to the Spider Nest.
 13244 | Lair:2   | Found a staircase to the Swamp.
 13872 | Lair:3   | Noticed Nergalle
 13876 | Lair:3   | Killed Nergalle
 14139 | Lair:3   | Reached skill level 5 in Fighting
 14191 | Lair:3   | Noticed Rupert
 14196 | Lair:3   | Killed Rupert
 14197 | Lair:3   | Reached skill level 5 in Dodging
 14281 | Lair:3   | Noticed Gastronok
 14304 | Lair:3   | Killed Gastronok
 14993 | Lair:4   | Offered knowledge of Arcjolt by Vehumet.
 15056 | Lair:4   | Reached skill level 5 in Evocations
 15371 | Lair:4   | Found a glowing silver altar of Zin.
 15623 | Lair:4   | Got the Disquisition on Glowing Blight
 15961 | Lair:4   | Reached XP level 14. HP: 78/78 MP: 29/36
 16031 | Lair:5   | Entered Level 5 of the Lair of Beasts
 16373 | Lair:5   | Reached skill level 17 in Spellcasting
 16539 | Lair:5   | Paralysed by a floating eye for 3 turns
 16552 | Lair:5   | Found a staircase to the Slime Pits.
 16553 | Lair:5   | Found a viscous altar of Jiyva.
 16562 | Lair:5   | Offered knowledge of Fireball by Vehumet.
 16570 | Lair:5   | Learned a level 2 spell: Blink
 16700 | Lair:5   | Identified the +1 leather armour of Zupurgh {rPois Dex+3
                  | Stlth+}
 17029 | Lair:5   | Gained mutation: Your flesh is heat resistant. (rF+)
                  | [potion of mutation]
 17029 | Lair:5   | Gained mutation: Your spells are a little harder to cast,
                  | but a little more powerful. [potion of mutation]
 17494 | Spider:1 | Entered Level 1 of the Spider Nest
 17815 | Spider:1 | Reached skill level 1 in Shields
 17885 | Spider:1 | Noticed an emperor scorpion
 18101 | Spider:1 | Identified the +0 chain mail of Dowdy Joy {Drain rElec
                  | Will+ rCorr}
 18113 | Spider:1 | Reached skill level 1 in Translocations
 18143 | Spider:1 | Killed an emperor scorpion
 18144 | Spider:1 | Reached skill level 18 in Spellcasting
 18538 | Spider:1 | Offered knowledge of Iskenderun's Battlesphere by Vehumet.
 19179 | Spider:2 | Identified the +9 halberd of Cimneup {flame, rElec rF+}
 19194 | Spider:2 | Reached XP level 15. HP: 82/82 MP: 39/39
 19390 | Spider:2 | Noticed Louise
 19410 | Spider:2 | Killed Louise
 19612 | Spider:2 | Reached skill level 19 in Spellcasting
 19614 | Spider:2 | Reached ****** piety under Vehumet
 19916 | Spider:2 | Offered knowledge of Eringya's Noxious Bog by Vehumet.
 19924 | Spider:2 | Learned a level 6 spell: Eringya's Noxious Bog
 20333 | Spider:2 | Reached skill level 10 in Dodging
 20474 | Spider:3 | Noticed Aizul
 20530 | Spider:4 | Entered Level 4 of the Spider Nest
 20565 | Spider:3 | HP: 3/82 [poisoned by a redback]
 20566 | Spider:3 | Slain by a redback

Illustrated notes

Levels and vault maps discovered:
D:1:      lightli_arrival_lavapool, layout_basic, serial_shops,
          nicolae_shop_pleasant_corner_grove, minmay_close_crescents
D:2:      layout_loops_ring, basic_altar,
          shapermc_ecumenical_altar_mp_highgroup, uniq_sigmund
D:3:      layout_loops_cross, cheibriados_altar_1, bloody_makhleb,
          serial_aquarium, aquarium_bridge_straight [aquarium_subvault_bridge,
          aquarium_subvault_balcony, aquarium_subvault_bridge,
          aquarium_subvault_balcony], aquarium_window_corner,
          aquarium_window_fake, aquarium_window_fake, aquarium_window_1,
          aquarium_view_2c, aquarium_view_2e, aquarium_pool_five,
          kennysheep_generic_room_12
D:4:      layout_cave_pods, uniq_grinder
D:5:      layout_basic, xom_redecorated, minmay_misc_feat_room,
          grunt_decor_clamped, grunt_ministairs_6, nicolae_figureground_pulse
D:6:      layout_rooms, temple_doors_e, serial_curves, eino_curves_04,
          eino_curves_03
D:7:      kennysheep_kobold_camp, layout_cave_pools,
          nicolae_overflow_hidden_temple, serial_column_ruins,
          column_ruins_grid_4, column_ruins_open_tiny, column_ruins_open_tiny,
          column_ruins_open_medium, column_ruins_columns_T,
          minmay_joined_circles
D:8:      nzn_winding_woodlands_three_and_one [nzn_winding_woodlands_5x15_cabin,
          nzn_winding_woodlands_5x15_jagged, nzn_winding_woodlands_5x15_pool,
          nzn_winding_woodlands_center_garden], layout_basic,
          mainiacjoe_overflow_cross_hatched, elyvilon_altar_5, fedhas_altar_1,
          grunt_temple_overflow_holy_war, serial_shops, nicolae_stop_n_shop_2,
          gammafunk_ghost_necromancy
D:9:      layout_basic, kennysheep_mini_moat, lair_entry_dummy,
          dreamdust_wishing_well, mrwooster_statue_mirror, minmay_diamond_spiral
D:10:     layout_roguey, nicolae_wu_jian_immortal_techniques, enter_bailey_5,
          serial_shops, shop, skrybe_limestone_x, uniq_harold
D:11:     layout_basic, orc_0_dummy, uniq_sonja
Lair:1:   layout_gridlike, gammafunk_ghost_abyssal_escape, wad_woods_road_03
Lair:2:   layout_gridlike, skrybe_swamp_entry_bodies, spider_nest_entry_webs,
          st_stairs_7, fungi_pond_lemuel, lemuel_fruit_tree
Lair:3:   layout_regular_city, nicolae_quartered_pool_super, uniq_nergalle,
          uniq_gastronok, uniq_rupert
Lair:4:   layout_cave_pods, basic_altar, grunt_forest_large_clearing_hut
Lair:5:   minmay_lair_end_enchanted_forest, layout_hall_layers,
          minmay_slime_entry_eyes, columned_hall_lemuel,
          infiniplex_staircase_pool_2
Spider:1: layout_spider_delve, nicolae_spider_not_touching_you
Spider:2: layout_chambers, uniq_louise
Spider:3: nicolae_spider_hilbert_zone_3 [nicolae_spider_hilbert_4_sides_2_open,
          nicolae_spider_hilbert_3_sides_1_open,
          nicolae_spider_hilbert_3_sides_1_open,
          nicolae_spider_hilbert_3_sides_1_open,
          nicolae_spider_hilbert_3_sides_1_open,
          nicolae_spider_hilbert_4_sides_1_open,
          nicolae_spider_hilbert_4_sides_1_open,
          nicolae_spider_hilbert_4_sides_1_open,
          nicolae_spider_hilbert_4_sides_1_open,
          nicolae_spider_hilbert_4_sides_1_open,
          nicolae_spider_hilbert_4_sides_1_open,
          nicolae_spider_hilbert_4_sides_1_open,
          nicolae_spider_hilbert_4_sides_1_open,
          nicolae_spider_hilbert_3_sides_1_open,
          nicolae_spider_hilbert_3_sides_1_open,
          nicolae_spider_hilbert_3_sides_1_open,
          nicolae_spider_hilbert_3_sides_1_open], special_room
          [special_room_bee], uniq_aizul
Spider:4: grunt_spider_rune_circles
Orc:1:    layout_caves, uniq_erolcha, uniq_jorgrun
Orc:2:    grunt_orc_gardens, layout_diamond_mine, grunt_orc_garden,
          grunt_orc_garden, grunt_orc_garden, grunt_orc_garden,
          statue_in_the_mist_lemuel, uniq_donald

Skill      XL: |  1  2  3  4  5  6  7  8  9 10 11 12 13 14 15 |
---------------+----------------------------------------------+-----
Spellcasting   | 4 5 6 7 9 10 12 14 15 16 18 19 | 19.7
Conjurations   | 6 7 8 9 11 12 13 14 | 14.3
Earth Magic    | 3 6 8 10 11 | 11.0
Dodging        | 4 8 9 10 | 10.5
Air Magic      | 2 |  2.9
Fighting       | 1 3 5 |  5.0
Summonings     | 10 11 12 13 | 13.0
Evocations     | 5 |  5.1
Shields        | 3 |  3.0
Translocations | 2 |  2.1
Stealth        | |  2.5

Action                     |  1- 3 |  4- 6 |  7- 9 | 10-12 | 13-15 || total
---------------------------+-------+-------+-------+-------+-------++-------
  Melee: Unarmed           |     5 |       |       |       |       ||     5
         Short sword       |     5 |       |       |       |       ||     5
         Mace              |       |     5 |     2 |       |       ||     7
         Staff             |       |       |     2 |     4 |    53 ||    59
         Long sword        |       |       |     1 |     8 |       ||     9
         Punch             |       |       |       |     1 |     2 ||     3
  Throw: Throwing net      |       |       |       |     1 |     2 ||     3
   Cast: Magic Dart        |    52 |    69 |   138 |    37 |       ||   296
         Fulminant Prism   |       |     3 |    52 |    38 |    27 ||   120
         Searing Ray       |       |     3 |    17 |     5 |     2 ||    27
         Iskenderun's Myst |       |       |     7 |    48 |    41 ||    96
         Lee's Rapid Decon |       |       |     4 |    55 |     8 ||    67
         Airstrike         |       |       |       |    45 |    21 ||    66
         Flame Wave        |       |       |       |     1 |       ||     1
         Orb of Destructio |       |       |       |    20 |    33 ||    53
         Mephitic Cloud    |       |       |       |     2 |     7 ||     9
         Spellforged Servi |       |       |       |     4 |    90 ||    94
         Olgreb's Toxic Ra |       |       |       |     2 |     7 ||     9
         Blink             |       |       |       |       |     7 ||     7
  Evoke: Wand              |       |       |       |     2 |     1 ||     3
         Box of beasts     |       |       |       |       |     1 ||     1
    Use: Scroll            |       |     4 |     5 |     8 |    11 ||    28
         Potion            |       |       |     1 |     4 |    12 ||    17
 Armour: Robe              |     4 |     2 |    12 |     9 |    31 ||    58
  Dodge: Dodged            |    18 |     3 |    39 |    44 |   156 ||   260
  Block: Buckler           |       |       |       |       |    15 ||    15

Table legend: (Time is in decaauts)
 A = Elapsed time spent in this place.
 B = Non-inter-level travel time spent in this place.
 C = Inter-level travel time spent in this place.
 D = Time resting spent in this place.
 E = Time spent auto-exploring this place.
 F = Levels seen in this place.
 G = Mean time per level.
                   A        B        C        D        E       F      G
               +--------+--------+--------+--------+--------+-----+--------+
         Total |  20551 |  19754 |    797 |   4028 |  10844 |  23 |  893.5 |
       Dungeon |  10760 |  10257 |    503 |   1963 |   6491 |  11 |  978.2 |
          Lair |   5724 |   5527 |    197 |    868 |   2893 |   5 | 1144.8 |
   Spider Nest |   3051 |   2961 |     90 |    719 |   1222 |   4 |  762.8 |
  Orcish Mines |    549 |    543 |      6 |    256 |    140 |   2 |  274.5 |
        Bailey |    465 |    465 |      0 |    221 |     98 |   1 |  465.0 |
               +--------+--------+--------+--------+--------+-----+--------+

Top non-repeatable levels by time:
Spider:1: 1624 daAuts
  Lair:4: 1418 daAuts
     D:8: 1404 daAuts
  Lair:5: 1291 daAuts
     D:4: 1288 daAuts
Spider:2: 1282 daAuts
     D:9: 1234 daAuts
     D:7: 1228 daAuts
  Lair:1: 1144 daAuts
  Lair:3: 965 daAuts
     D:5: 937 daAuts
  Lair:2: 903 daAuts
     D:1: 896 daAuts
    D:10: 809 daAuts
    D:11: 758 daAuts
